AoeStats
← Fırtına

Black Forest

510967472Analyzed
4v4 RM · 9h ago on Oct 3, 2026· 45m 38s· 8 players
Game mode
Random Map
Map size
Large (8 player)
Population
200
Speed
Normal
Resources
Standard
Victory
Conquest
Starting age
Dark Age
Ending age
Imperial Age
RankedLock teamsTeams togetherTeam positionsShared explorationLock speedFull tech treeHidden civsTurbo modeCheats
Victory
Defeat
🇮🇳 Goths · India
1291
+14
🇨🇳 Vietnamese · China
1285
+14
🇨🇳 Burgundians · China
1277
+14
🇺🇸 Turks · United States
1221
+17
🇹🇷 Poles · Türkiye
1322
-18
🇪🇸 Malay · Spain
1301
-17
🇨🇳 Lithuanians · China
1176
-12
🇹🇷 Hindustanis · Türkiye
1166
-12
agresif
9:39 Loom
12:50 Feudal Age
16:53 Castle Age
17:32 Double-Bit Axe
17:27 Horse Collar
19:55 Bow Saw
23:28 Wheelbarrow
24:00 Scale Barding Armor
23:57 Scale Mail Armor
24:08 Forging
24:39 Heavy Plow
24:23 Pikeman
26:25 Chain Mail Armor
27:02 Squires
28:19 Iron Casting
30:20 Wheelbarrow
29:46 Town Watch
31:27 Hand Cart
34:32 Imperial Age
34:29 Stone Mining
34:30 Gold Mining
34:41 Halberdier
36:24 Blast Furnace
36:06 Stone Shaft Mining
37:07 Two-Man Saw
36:09 Fletching
37:47 Crop Rotation
39:25 Chemistry
39:22 Treadmill Crane
39:52 Masonry
40:03 Ballistics
42:31 Architecture
42:46 Perfusion
43:06 Conscription
根本赢不了
4:10 Double-Bit Axe
12:04 Feudal Age
11:27 Loom
12:14 Horse Collar
16:09 Castle Age
14:44 Bow Saw
14:37 Horse Collar
15:37 Heavy Plow
18:05 Wheelbarrow
21:45 Wheelbarrow
20:56 Town Watch
20:57 Loom
24:58 Gold Mining
26:33 Gold Shaft Mining
27:21 Hand Cart
27:20 Stone Mining
30:11 Imperial Age
28:09 Scale Barding Armor
28:14 Forging
28:55 Guilds
29:50 Chain Barding Armor
29:26 Cavalier
30:06 Husbandry
30:42 Iron Casting
31:48 Two-Man Saw
31:20 Crop Rotation
31:58 Chemistry
31:45 Plate Barding Armor
31:00 Paladin
33:04 Blast Furnace
33:53 Fletching
34:46 Light Cavalry
36:26 Murder Holes
36:12 Treadmill Crane
36:55 Conscription
36:44 Burgundian Vineyards
38:29 Bodkin Arrow
38:35 Scale Mail Armor
38:36 Padded Archer Armor
40:05 Bracer
40:45 Stone Shaft Mining
41:34 Hussar
43:39 Chain Mail Armor
43:39 Leather Archer Armor
43:49 Ballistics
43:40 Masonry
300P 4V4
2:05 Loom
11:36 Feudal Age
16:51 Castle Age
15:08 Double-Bit Axe
15:38 Horse Collar
18:21 Bow Saw
22:32 Wheelbarrow
23:24 Stone Mining
24:35 Gold Mining
25:11 Heavy Plow
26:17 Hand Cart
27:05 Stone Shaft Mining
31:09 Imperial Age
29:14 Chatras
29:45 Caravan
31:13 Scale Barding Armor
31:18 Forging
31:52 Bloodlines
31:42 Husbandry
31:25 Elite Rattan Archer
32:35 Fletching
32:46 Padded Archer Armor
33:58 Two-Man Saw
33:37 Bodkin Arrow
34:03 Chain Barding Armor
34:38 Leather Archer Armor
35:27 Chemistry
34:42 Thumb Ring
35:05 Ballistics
35:20 Bracer
35:44 Masonry
35:59 Paper Money
36:22 Plate Barding Armor
35:34 Elite Battle Elephant
37:19 Ring Archer Armor
38:46 Iron Casting
glumgold
2:34 Loom
14:16 Feudal Age
18:51 Castle Age
17:04 Double-Bit Axe
19:59 Bow Saw
19:33 Horse Collar
20:55 Stone Mining
37:43 Heavy Plow
41:33 Gold Mining
44:33 Imperial Age
42:40 Wheelbarrow
42:00 Town Watch
44:49 Gold Shaft Mining
45:09 Hand Cart
46:05 Scale Barding Armor
46:11 Forging
lxc
1:07 Loom
11:34 Feudal Age
16:01 Castle Age
14:33 Double-Bit Axe
15:30 Horse Collar
16:48 Wheelbarrow
17:12 Bow Saw
18:19 Scale Barding Armor
21:49 Forging
25:36 Chain Barding Armor
27:54 Iron Casting
27:56 Gold Mining
27:56 Town Watch
29:18 Stone Mining
29:33 Heavy Plow
35:01 Imperial Age
39:25 Plate Barding Armor
42:23 Two-Man Saw
43:08 Elite Skirmisher
44:40 Tower Shields
cezinem
12:19 Feudal Age
18:04 Castle Age
16:00 Double-Bit Axe
16:40 Horse Collar
21:17 Heavy Plow
21:50 Bow Saw
22:45 Wheelbarrow
23:39 Gold Mining
25:25 Gold Shaft Mining
25:18 Scale Mail Armor
34:28 Imperial Age
31:43 Loom
32:11 Padded Archer Armor
31:57 Light Cavalry
32:48 Bloodlines
32:38 Husbandry
33:12 Grand Trunk Road
33:53 Hand Cart
33:24 Town Watch
34:06 Ballistics
34:32 Husbandry
34:56 Scale Mail Armor
35:01 Scale Barding Armor
36:18 Two-Man Saw
34:50 Elite Ghulam
35:40 Fletching
36:01 Forging
36:07 Leather Archer Armor
36:15 Heavy Camel Rider
38:29 Bodkin Arrow
39:10 Iron Casting
38:19 Pikeman
38:59 Squires
38:45 Arson
39:19 Town Patrol
39:21 Bracer
39:51 Ring Archer Armor
39:54 Caravan
41:02 Chemistry
39:43 Elite Skirmisher
40:30 Thumb Ring
42:49 Chain Mail Armor
42:55 Chain Barding Armor
43:22 Imperial Camel Rider
Fırtına
8:56 Loom
9:22 Loom
11:45 Feudal Age
12:24 Double-Bit Axe
12:21 Horse Collar
17:29 Castle Age
15:43 Gold Mining
17:07 Stone Mining
18:52 Heavy Plow
19:04 Bow Saw
20:30 Wheelbarrow
27:12 Imperial Age
25:27 Hand Cart
28:53 Chemistry
28:36 Lechitic Legacy
28:44 Conscription
28:38 Forging
28:59 Ballistics
30:18 Scale Barding Armor
30:50 Iron Casting
32:03 Light Cavalry
32:54 Bloodlines
32:56 Winged Hussar
34:37 Blast Furnace
33:38 Scale Mail Armor
34:01 Chain Barding Armor
33:43 Husbandry
39:11 Szlachta Privileges
40:15 Elite Obuch
43:08 Scale Mail Armor
Zikane
0:39 Loom
12:45 Feudal Age
16:11 Castle Age
14:27 Double-Bit Axe
15:03 Horse Collar
16:02 Bow Saw
17:40 Heavy Plow
23:13 Town Watch
24:34 Wheelbarrow
24:20 Stone Mining
24:24 Gold Mining
26:28 Gold Shaft Mining
25:44 Fletching
26:33 Bodkin Arrow
26:18 Crossbowman
27:53 Hand Cart
28:51 Thumb Ring
29:17 Ballistics
32:11 Imperial Age
29:41 Treadmill Crane
32:39 Chemistry
31:01 Arbalester
31:55 Bracer
31:57 Padded Archer Armor
32:24 Conscription
33:10 Forced Levy
33:42 Leather Archer Armor
33:17 Man-at-Arms
33:57 Squires
34:13 Forging
34:14 Pikeman
35:12 Long Swordsman
36:34 Iron Casting
36:30 Ring Archer Armor
35:53 Two-Handed Swordsman
Connection lost

Rejoining the realm…

Still unreachable

The connection could not be restored.

Session expired

The server has moved on; the page needs a fresh start.